 Dungeon Crawl Stone Soup version 0.20.0-10-g0535bb4 (webtiles) character file.

143 Gorglomux the Skirmisher (level 5, -2/28 HPs)
             Began as a Vine Stalker Ice Elementalist on June 3, 2017.
             Slain by a phantom (9 damage)
             ... on level 3 of the Dungeon.
             The game lasted 00:05:44 (2760 turns).

Gorglomux the Skirmisher (VSIE)                     Turns: 2760, Time: 00:05:45

Health: -2/28      AC:  5    Str: 11    XL:     5   Next: 25%
Magic:  0/9        EV: 12    Int: 15    God:
Gold:   44         SH:  0    Dex: 15    Spells: 5/8 levels left

rFire    . . .     SeeInvis .   E - +0 spear
rCold    + . .     Gourm    .   (no shield)
rNeg     . . .     Faith    .   a - +0 robe
rPois    .         Spirit   +   (no helmet)
rElec    .         Reflect  .   A - +2 cloak
rCorr    .         Harm     .   (no gloves)
MR       .....                  (no boots)
Stlth    ++........             (no amulet)
Regen    0.5/turn               c - ring of protection from cold
MPRegen  0.2/turn               (no ring)

@: no status effects
A: fangs 2, regeneration 1, magic shield, antimagic bite, no potion heal 3, rot
immunity
a: no special abilities


You were on level 3 of the Dungeon.
You were near starving.

You visited 1 branch of the dungeon, and saw 3 of its levels.

You collected 44 gold pieces.

Inventory:

Hand Weapons
 g - a +0 dagger
 E - a +0 spear (weapon)
Armour
 a - a +0 robe (worn)
 A - a +2 cloak (worn)
Jewellery
 c - a ring of protection from cold (left hand)
Scrolls
 d - a scroll of amnesia {unknown}
 e - 6 scrolls of identify {unknown}
 f - 3 scrolls of magic mapping {unknown}
 j - 2 scrolls of teleportation {unknown}
 l - a scroll of blinking {unknown}
 m - 2 scrolls of fog {unknown}
 s - a scroll of fear {unknown}
 B - a scroll of enchant weapon {unknown}
Potions
 o - a potion of resistance {unknown}
 q - 2 potions of invisibility {unknown}
 r - 2 potions of curing {unknown}
 C - 2 potions of mutation {unknown}
Books
 b - a book of Frost

   Spells                             Type                      Level
   a - Freeze                         Ice                          1
   b - Throw Frost                    Conjuration/Ice              2
   c - Ozocubu's Armour               Charms/Ice                   3
   d - Throw Icicle                   Conjuration/Ice              4
   e - Summon Ice Beast               Ice/Summoning                4
Comestibles
 i - 3 royal jellies
 z - a meat ration
 D - 2 bread rations


   Skills:
 + Level 3.1 Fighting
 + Level 2.6 Short Blades
 - Level 1.5 Dodging
 - Level 2.4 Stealth
 - Level 2.1 Spellcasting
 - Level 1.0 Conjurations
 - Level 3.0 Ice Magic


You had 5 spell levels left.
You knew the following spells:

 Your Spells              Type           Power        Failure   Level  Hunger
a - Freeze                Ice            ##..         6%          1    #......
b - Throw Frost           Conj/Ice       #.....       14%         2    ###....


Dungeon Overview and Level Annotations

Branches:
Dungeon (3/15)

Altars:
Hepliaklqana


Innate Abilities, Weirdness & Mutations

You have extremely sharp teeth.
Your natural rate of healing is unusually fast.
When hurt, damage is shared between your health and your magic reserves.
Your bite disrupts and absorbs the magic of your enemies.
Potions cannot restore your health.
You are immune to rotting.


Message History

Aim: a phantom (almost destroyed)
The puff of frost hits the phantom.
The phantom completely resists.
The phantom is almost destroyed.
Casting: Throw Frost
Confirm with . or Enter, or press ? or * to list all spells.
Aiming: Freeze
Press: ? - help, Shift-Dir - straight line, f/p - phantom
Aim: a phantom (almost destroyed)
You freeze the phantom.
The phantom completely resists.
The phantom is almost destroyed.
The phantom closely misses you.
You closely miss the phantom.
The phantom is almost destroyed.
The phantom misses you.
You hit the phantom but do no damage. Your bite misses the phantom.
The phantom is almost destroyed.
The phantom hits you!
* * * LOW HITPOINT WARNING * * *
The phantom hits you!
You die...

.. #..(..........##.........####
..###..#######.......#+######...#
..................##.# #...#
###.#..#######..#..#.# #...# #
#.#..# #..#..#.#.######...# #
#.#..#######..#..#.#..........#
###..................########.###
...............W.................
................@(...##.##....###
.......###..#.#.###......'....#
####...#<#..#.#.# #...#.##....#
####...#.#..#.#[!...#.#.###+#.#
.......#.#..#+#######...# #.#
#####..#.#.......#......# #.#
.......#.#.......#.###..# .#
####...#.#.......#.# #..# #
#....#.#.......#.# ##...


You could see a phantom.

Vanquished Creatures
  Crazy Yiuf (D:2)
  Natasha (twice) (D:2)
  2 worms
  3 dart slugs
  A leopard gecko (D:2)
  2 bats
  3 giant cockroaches
  10 goblins
  9 hobgoblins
  7 jackals
  A ball python (D:1)
  3 frilled lizards
  5 kobolds
  A rat (D:1)
50 creatures vanquished.

Notes
Turn   | Place    | Note
-------+----------+-------------------------------------------
     0 | D:1      | Gorglomux the Vine Stalker Ice Elementalist began the quest for the Orb.
     0 | D:1      | Reached XP level 1. HP: 9/9 MP: 4/4
   217 | D:1      | Reached skill level 1 in Fighting
   373 | D:1      | Reached XP level 2. HP: 5/14 MP: 0/6
   600 | D:1      | Learned a level 2 spell: Throw Frost
   836 | D:1      | Reached skill level 1 in Short Blades
  1368 | D:2      | Reached XP level 3. HP: 15/18 MP: 7/7
  1496 | D:2      | Noticed Natasha
  1501 | D:2      | Killed Natasha
  1622 | D:2      | Gained mutation: Your natural rate of healing is unusually fast. [Vine Stalker growth]
  1622 | D:2      | Reached XP level 4. HP: 18/23 MP: 2/8
  1799 | D:2      | Noticed Natasha
  2085 | D:2      | Killed Natasha
  2344 | D:2      | Found a runed door.
  2348 | D:2      | Noticed Crazy Yiuf
  2393 | D:2      | Killed Crazy Yiuf
  2393 | D:2      | Reached skill level 3 in Fighting
  2393 | D:2      | Reached XP level 5. HP: 26/28 MP: 3/9
  2617 | D:3      | Noticed a phantom
  2622 | D:3      | Found a hazy altar of Hepliaklqana.
  2760 | D:3      | Slain by a phantom

Skill      XL: |  1  2  3  4 |
---------------+-------------+-----
Fighting       | 1 2 3 |  3.1
Short Blades   | 1 2 |  2.6
Dodging        | |  1.5
Stealth        | |  2.4
Spellcasting   | |  2.1
Conjurations   | |  1.0
Ice Magic      | |  3.0

Action                   |  1- 3 |  4- 6 || total
-------------------------+-------+-------++-------
Melee: Dagger            |    48 |    63 ||   111
       Unarmed           |     1 |       ||     1
       Bite              |     9 |    19 ||    28
       Spear             |       |    34 ||    34
 Cast: Freeze            |    29 |    49 ||    78
       Throw Frost       |     2 |     5 ||     7
 Stab: Sleeping          |     5 |     1 ||     6
  Eat: Chunk             |     3 |     3 ||     6
Armor: Robe              |    10 |    17 ||    27
Dodge: Dodged            |    45 |    60 ||   105
